 Dungeon Crawl Stone Soup version 0.29.1-2-gbd0b4ee654 (webtiles) character file.

Game seed: 7430908922393146663

60 GorkyZ the Shield-Bearer (level 4, -3/36 HPs)
             Began as a Formicid Fighter on Nov 22, 2022.
             Killed from afar by an orc wizard (6 damage)
             ... with a magic dart
             ... on level 2 of the Dungeon.
             The game lasted 00:04:06 (2068 turns).

GorkyZ the Shield-Bearer (Formicid Fighter)         Turns: 2068, Time: 00:04:07

Health: -3/36      AC:  6    Str: 23    XL:     4   Next: 25%
Magic:  4/4        EV: 10    Int:  7    God:
Gold:   77         SH:  5    Dex: 13    Spells: 3/3 levels left

rFire   . . .      SeeInvis +   a - +0 war axe
rCold   . . .      Faith    .   c - +0 buckler
rNeg    + . .      Spirit   .   b - +0 scale mail
rPois   .          Reflect  .   (helmet unavailable)
rElec   .          Harm     .   (no cloak)
rCorr   .          Rampage  .   (no gloves)
Will    .....                   (no boots)
Stlth   ..........              (no amulet)
HPRegen 0.12/turn               m - ring of positive energy
MPRegen 0.09/turn               (no ring)

@: no status effects
A: permanent stasis, dig shafts and tunnels, antennae 3, four strong arms
a: Dig, Shaft Self


You were on level 2 of the Dungeon.
You visited 1 branch of the dungeon, and saw 2 of its levels.

You collected 77 gold pieces.

Inventory:

Hand Weapons
 a - a +0 war axe (weapon)
Missiles
 h - 2 javelins
 k - 4 poisoned darts
Armour
 b - a +0 scale mail (worn)
 c - a +0 buckler (worn)
Jewellery
 m - a ring of positive energy (left hand)
Scrolls
 e - 3 scrolls of noise {unknown}
 i - 3 scrolls of identify {unknown}
Potions
 d - a potion of might
 f - 3 potions of degeneration {unknown}
 g - a potion of flight {unknown}
 j - a potion of curing {unknown}
 l - a potion of attraction {unknown}


   Skills:
 + Level 3.6 Fighting
 + Level 2.4 Axes
 + Level 1.1 Throwing
 + Level 3.6 Armour
 + Level 1.1 Dodging
 + Level 4.3 Shields
 + Level 0.8 Evocations


You had 3 spell levels left.
You didn't know any spells.
Your spell library contained the following spells:

 Spells                   Type           Power      Damage    Failure   Level
 Ignite Poison            Fire/Tmut/Pois 0%         N/A       99%         3
 Mephitic Cloud           Conj/Pois/Air  0%         N/A       99%         3
 Fireball                 Conj/Fire      0%         3d3       100%        5
 Freezing Cloud           Conj/Ice/Air   0%         6-21      100%        5
 Iskenderun's Battlesphe  Conj           0%         2d6       100%        5
 Conjure Ball Lightning   Conj/Air       0%         3x3d6     100%        6
 Orb of Destruction       Conj           0%         9d5       100%        7


Dungeon Overview and Level Annotations

Branches:
Dungeon (2/15)

Altars:
Dithmenos

Shops:
D:2 !


Innate Abilities, Weirdness & Mutations

You cannot be hasted, slowed, berserked, paralysed or teleported.
You can dig through walls and to a lower floor.
You have a pair of large antennae on your head. (SInv)
Your four strong arms can wield two-handed weapons with a shield.


Message History

3 orcs and an orc wizard come into view.
The orc shouts! x2
You completely miss the orc. The orc hits you with a +3 war axe!
You slash the orc!
You kill the orc!
You hit the orc. You block the orc's attack.
You hit the orc.
The orc is heavily wounded.
The orc wizard casts a spell at you. The puff of flame hits you!
The orc wizard casts a spell at you. The puff of flame hits you!
* * * LOW HITPOINT WARNING * * *
The orc hits you but does no damage.
You are too injured to fight recklessly!
You are too injured to fight recklessly!
You are too injured to fight recklessly!
You are too injured to fight recklessly!
You are too injured to fight recklessly!
The orc barely misses you. The orc wizard closely misses you.
You slash the orc wizard!
The orc wizard is heavily wounded.
You hit the orc but do no damage. You block the orc's attack.
The orc wizard hits you but does no damage.
You closely miss the orc wizard.
The orc wizard is heavily wounded.
You slash the orc!
You kill the orc!
The orc wizard barely misses you. The orc wizard closely misses you.
You barely miss the orc wizard.
The orc wizard is heavily wounded.
The orc wizard casts a spell at you. The puff of flame hits you!
* * * LOW HITPOINT WARNING * * *
You hit the orc wizard but do no damage.
The orc wizard is heavily wounded.
The orc wizard barely misses you.
The orc wizard gestures at you while chanting.
The magic dart hits you.
You die...

###############
#.............#
#.###########.#
#.# #.# ###.#
#.# ....#
#.########
#######
#)@oo.....
......#####
##########
....†.....#
#####.###.# #.#
#.# { #.###.# {
#...(.# #####.#
#.#


You could see an orc wizard and an orc.

Vanquished Creatures
  A worm (D:2)
  A dart slug (D:1)
  2 orcs (D:2)
  7 endoplasms
  A giant cockroach (D:1)
  3 goblins
  4 hobgoblins
  4 jackals (D:1)
  A quokka (D:1)
  7 ball pythons
  9 bats
  3 frilled lizards (D:1)
  4 kobolds
  3 rats
50 creatures vanquished.

Notes
Turn   | Place    | Note
-------+----------+-------------------------------------------
     0 | D:1      | GorkyZ the Formicid Fighter began the quest for the Orb.
     0 | D:1      | Reached XP level 1. HP: 18/18 MP: 1/1
   110 | D:1      | Reached XP level 2. HP: 24/24 MP: 2/2
   305 | D:1      | Reached XP level 3. HP: 18/29 MP: 3/3
  1461 | D:2      | Found a shadowy altar of Dithmenos.
  1619 | D:2      | Reached skill level 1 in Dodging
  1636 | D:2      | Reached skill level 1 in Throwing
  1636 | D:2      | Reached XP level 4. HP: 26/36 MP: 4/4
  1989 | D:2      | Found Waneomor's Distillery.
  2068 | D:2      | Killed from afar by an orc wizard

Illustrated notes

Levels and vault maps discovered:
D:1:      lightli_iron_boxes, layout_basic
D:2:      layout_loops_ring, basic_altar, serial_shops, shop

Skill      XL: |  1  2  3 |
---------------+----------+-----
Dodging        | 1 |  1.1
Throwing       | 1 |  1.1
Fighting       | |  3.6
Axes           | |  2.4
Armour         | |  3.6
Shields        | |  4.3
Evocations     | |  0.8

Action                   |  1- 3 |  4- 6 || total
-------------------------+-------+-------++-------
Melee: War axe           |    84 |    19 ||   103
Armor: Scale mail        |    37 |    12 ||    49
Dodge: Dodged            |    44 |    11 ||    55
Block: Buckler           |    21 |     5 ||    26
